 Dungeon Crawl Stone Soup version 0.29-a0-620-g13ace881f2 (webtiles) character file.

Game seed: 4979853890633053361

4442 HoaS the Basher (level 10, -1/70 HPs)
             Began as a Formicid Fighter on June 18, 2022.
             Was a Priest of Makhleb.
             Slain by a killer bee (2 damage)
             ... on level 8 of the Dungeon.
             The game lasted 00:20:03 (9309 turns).

HoaS the Basher (Formicid Fighter)                  Turns: 9309, Time: 00:20:03

Health: -1/70      AC:  8    Str: 29    XL:     10   Next: 63%
Magic:  10/10      EV: 10    Int:  7    God:    Makhleb [***...]
Gold:   468        SH:  5    Dex: 13    Spells: 9/9 levels left

rFire   + . .      SeeInvis +   k - +5 great mace (holy)
rCold   . . .      Faith    .   c - +0 buckler
rNeg    + . .      Spirit   .   r - +3 leather armour of the Desolation of Salt {rN+ Str+3}
rPois   .          Reflect  .   (helmet unavailable)
rElec   .          Harm     .   h - +1 cloak
rCorr   .          Rampage  .   (no gloves)
Will    ++...                   (no boots)
Stlth   +.........              t - amulet of regeneration
HPRegen 1.01/turn               j - ring of protection from fire
MPRegen 0.12/turn               m - ring of willpower

@: lethally poisoned (-1 -> -2)
A: permanent stasis, dig shafts and tunnels, antennae 3, four strong arms
a: Dig, Shaft Self, Renounce Religion, Minor Destruction, Lesser Servant of
Makhleb


You were on level 8 of the Dungeon.
You worshipped Makhleb.
Makhleb was most pleased with you.
You visited 1 branch of the dungeon, and saw 9 of its levels.
You also visited: Sewer.

You collected 468 gold pieces.

Inventory:

Hand Weapons
 k - a +5 great mace of holy wrath (weapon)
 s - a +0 giant club
Missiles
 l - a throwing net
Armour
 a - +0 steam dragon scales
 c - a +0 buckler (worn)
 h - a +1 cloak (worn)
 r - the +3 leather armour of the Desolation of Salt (worn) {rN+ Str+3}
   (You found it on level 4 of the Dungeon)

   Str:       It affects your strength (+3).
   rN:        It protects you from negative energy.
Jewellery
 j - a ring of protection from fire (left hand)
 m - a ring of willpower (right hand)
 t - an amulet of regeneration (around neck)
Wands
 d - a wand of charming (10)
 e - a wand of mindburst (18)
 n - a wand of digging (6)
 p - a wand of iceblast (14)
 u - a wand of flame (19)
Scrolls
 o - a scroll of enchant weapon
Potions
 b - 4 potions of flight
 f - a potion of resistance
 g - a potion of attraction
 i - 5 potions of invisibility
 q - 5 potions of curing
 v - a potion of mutation {unknown}


   Skills:
 - Level 3.2 Fighting
 + Level 14.7 Maces & Flails
 - Level 3.2 Armour
 - Level 4.0 Shields


You had 9 spell levels left.
You didn't know any spells.
Your spell library contained the following spells:

 Spells                   Type           Power      Damage    Failure   Level
 Foxfire                  Conj/Fire      0%         2x1d4     54%         1
 Shock                    Conj/Air       0%         1d3       54%         1
 Summon Small Mammal      Summ           0%         N/A       54%         1
 Sublimation of Blood     Necr           0%         N/A       67%         2
 Wereblood                Tmut           0%         N/A       67%         2
 Conjure Flame            Conj/Fire      0%         6-21      88%         3
 Inner Flame              Hex/Fire       0%         N/A       88%         3
 Airstrike                Air            0%         N/A       99%         4
 Flame Wave               Conj/Fire      0%         2d4       99%         4
 Leda's Liquefaction      Hex/Erth       0%         N/A       99%         4
 Olgreb's Toxic Radiance  Pois           0%         N/A       99%         4
 Summon Ice Beast         Ice/Summ       0%         N/A       99%         4
 Ozocubu's Refrigeration  Ice            0%         4d5       100%        7
 Spellforged Servitor     Conj/Summ      0%         N/A       100%        7
 Summon Hydra             Summ           0%         N/A       100%        7
 Ignition                 Fire           0%         3d3       100%        8
 Swiftness                Air            Unusable   N/A       N/A         3

Dungeon Overview and Level Annotations

Branches:
Dungeon (9/15)             Temple (0/1) D:6           Sewer (visited)
   Lair: D:8-11         Orc: D:9-12

Altars:
Cheibriados
Fedhas
Makhleb
Yredelemnul
Zin

Shops:
D:7 =   D:9 *

Annotations:
D:5 2 transporters, anonymous's ghost, novice OgBe
D:6 2 transporters, Athor's ghost, novice OpBr


Innate Abilities, Weirdness & Mutations

You cannot be hasted, slowed, berserked, paralysed or teleported.
You can dig through walls and to a lower floor.
You have a pair of large antennae on your head. (SInv)
Your four strong arms can wield two-handed weapons with a shield.


Message History

You block the killer bee's attack.
The killer bee attacks as you move away!
The killer bee stings you.
You feel sick.
The killer bee attacks as you move away!
The killer bee barely misses you.
You feel sick. The killer bee misses you.
The killer bee stings you but does no damage.
The killer bee attacks as you move away!
The killer bee stings you.
* * * LOW HITPOINT WARNING * * *
You are more poisoned.
The killer bee poisons you!
You feel very sick.
The killer bee stings you but does no damage.
You block the killer bee's attack.
The killer bee attacks as you move away!
The killer bee stings you.
* * * LOW HITPOINT WARNING * * *
You feel sick. The killer bee closely misses you.
The killer bee attacks as you move away!
The killer bee closely misses you.
The killer bee attacks as you move away!
The killer bee barely misses you.
You feel sick. You block the killer bee's attack.
You sock the killer bee!
The killer bee is almost dead.
You feel sick. The killer bee stings you.
* * * LOW HITPOINT WARNING * * *
The killer bee stings you.
* * * LOW HITPOINT WARNING * * *
You hit the killer bee but do no damage.
The killer bee is almost dead.
You feel sick.
The killer bee stings you but does no damage.
The killer bee stings you.
* * * LOW HITPOINT WARNING * * *
You closely miss the killer bee.
The killer bee is almost dead.
* * * LOW HITPOINT WARNING * * *
You feel sick. You block the killer bee's attack. The killer bee stings you.
You die...

### #######@#
######.##..#y###
#..##.....yyy..##
#...##......#...#
#...#..#...#....#
###......#...#....#
###.>..#.#####.#....#
##.....#..# #.....##
#....##..#####.....#


You could see 3 killer bees.

Vanquished Creatures
  A wyvern (D:5)
  Eustachio (D:4)
  4 steam dragons
  An orc warrior (D:8)
  3 ice beasts
  A hornet zombie (D:6)
  A sky beast (D:6)
  An ogre (D:6)
  3 black bears
  A centaur (D:7)
  A phantom (D:2)
  2 bullfrogs
  2 gnoll sergeants (D:7)
  5 kobold brigands
  Blork the orc (D:4)
  4 necrophages
  A scorpion (D:6)
  A wyvern zombie (D:6)
  3 killer bees (D:8)
  2 electric eels (D:7)
  A crimson imp (D:5)
  6 howler monkeys
  A bullfrog zombie (D:6)
  4 jellies
  An orc priest (D:5)
  A gnoll shaman (D:5)
  3 hounds
  An iron imp (D:8)
  Ijyb (D:4)
  Natasha (D:4)
  4 iguanas
  4 orc wizards
  2 killer bee zombies (D:6)
  2 howler monkey zombies (D:6)
  18 gnolls
  12 adders
  3 river rats (Sewer)
  A white imp (D:5)
  An ufetubus (D:6)
  3 worms
  A dart slug (D:1)
  25 orcs
  6 bats
  3 endoplasms
  4 giant cockroaches
  6 hobgoblins
  17 jackals
  3 quokkas
  13 ball pythons
  2 frilled lizards
  6 goblins
  24 kobolds
  7 rats
226 creatures vanquished.

Notes
Turn   | Place    | Note
-------+----------+-------------------------------------------
     0 | D:1      | HoaS the Formicid Fighter began the quest for the Orb.
     0 | D:1      | Reached XP level 1. HP: 18/18 MP: 1/1
   218 | D:1      | Reached XP level 2. HP: 21/24 MP: 2/2
   327 | D:1      | Reached skill level 3 in Maces & Flails
   600 | D:1      | Reached XP level 3. HP: 24/29 MP: 3/3
   830 | D:2      | Found a faded altar of an unknown god.
  1242 | D:2      | Reached skill level 4 in Maces & Flails
  1242 | D:2      | Reached XP level 4. HP: 33/35 MP: 4/4
  1512 | D:2      | Got the Disquisition on Bewitchment and Summoning
  1593 | D:2      | Noticed a phantom
  1612 | D:2      | Killed a phantom
  1613 | D:2      | Reached skill level 5 in Maces & Flails
  1613 | D:2      | Reached XP level 5. HP: 23/41 MP: 5/5
  2247 | D:3      | Found a glowing silver altar of Zin.
  2503 | D:3      | Reached XP level 6. HP: 47/47 MP: 6/6
  2722 | D:3      | Identified a scroll of acquirement
  2722 | D:3      | Acquired a +5 great mace of holy wrath
  2882 | D:4      | Noticed Eustachio
  2903 | D:4      | Killed Eustachio
  2904 | D:4      | Reached skill level 6 in Maces & Flails
  3302 | D:4      | Reached skill level 7 in Maces & Flails
  3302 | D:4      | Reached XP level 7. HP: 52/52 MP: 7/7
  3343 | D:4      | Noticed Blork the orc
  3352 | D:4      | Killed Blork the orc
  3763 | D:4      | Noticed Ijyb
  3766 | D:4      | Killed Ijyb
  3797 | D:4      | Identified the +3 leather armour of the Desolation of Salt
                  | {rN+ Str+3}
  4115 | D:4      | Noticed Natasha
  4125 | D:4      | Killed Natasha
  4185 | D:4      | Found a blossoming altar of Fedhas.
  4282 | D:5      | Entered Level 5 of the Dungeon
  4287 | D:5      | Reached skill level 8 in Maces & Flails
  4326 | D:5      | Noticed a wyvern
  4335 | D:5      | Killed a wyvern
  4336 | D:5      | Reached skill level 9 in Maces & Flails
  4336 | D:5      | Reached XP level 8. HP: 46/58 MP: 8/8
  4555 | D:5      | Found a transporter.
  4556 | D:5      | Noticed anonymous's ghost (novice OgBe)
  4557 | D:5      | Found a transporter.
  4703 | D:5      | Found a glowing drain.
  4724 | Sewer    | Entered a sewer
  4891 | Sewer    | Reached skill level 10 in Maces & Flails
  5000 | Sewer    | Found a white marble altar of Elyvilon.
  5259 | D:5      | Found a burning altar of Makhleb.
  5267 | D:5      | Became a worshipper of Makhleb the Destroyer
  5445 | D:5      | Reached XP level 9. HP: 61/64 MP: 9/9
  5591 | D:6      | Reached skill level 11 in Maces & Flails
  5642 | D:6      | Found a transporter.
  5643 | D:6      | Noticed a komodo dragon
  5648 | D:6      | Found a transporter.
  5651 | D:6      | Noticed Athor's ghost (novice OpBr)
  5707 | D:6      | Reached * piety under Makhleb
  5900 | D:6      | Reached skill level 12 in Maces & Flails
  6280 | D:6      | Found a basalt altar of Yredelemnul.
  6315 | D:6      | Found a staircase to the Ecumenical Temple.
  6723 | D:7      | Reached skill level 13 in Maces & Flails
  6723 | D:7      | Reached XP level 10. HP: 45/70 MP: 10/10
  6865 | D:7      | Found the +3 robe of Clouds {*Thunder rCloud rElec}
  7354 | D:7      | Found Teamoi's Jewellery Boutique.
  7417 | D:7      | Reached ** piety under Makhleb
  8093 | D:8      | Reached skill level 14 in Maces & Flails
  8756 | D:8      | Found a snail-covered altar of Cheibriados.
  9056 | D:9      | Found Ompeur's Fire Supplies.
  9230 | D:8      | Reached *** piety under Makhleb
  9308 | D:8      | HP: 1/70 [killer bee (6)]
  9309 | D:8      | Slain by a killer bee

Illustrated notes

Levels and vault maps discovered:
D:1:      dpeg_arrival_arbitrary_c, layout_loops_cross
D:2:      layout_loops_ring, nicolae_ecumenical_snake_handling
D:3:      layout_rooms, marbit_many_paths
D:4:      mumra_celtic_spiral_tile, layout_basic, mainiacjoe_overflow_alcove_4,
          dk_noncrumbling_3, uniq_ijyb, uniq_eustachio, uniq_blork_the_orc,
          uniq_natasha
D:5:      layout_rooms, makhleb_grotto_becter, cheibrodos_sewer_entry_bend,
          gammafunk_ghost_arena
D:6:      layout_loops_ring, nicolae_yredelemnul_corpse_copse,
          minmay_temple_entry_waves, gammafunk_ghost_arena, abandoned_shop
D:7:      cheibrodos_helix_gallery, layout_gridville, serial_shops,
          kennysheep_mini_moat
D:8:      layout_cave_pools, slow_altar_1, kennysheep_nub
D:9:      kennysheep_housing_project, layout_gridville,
          nicolae_overflow_quartered_altars, lair_entry_dummy, orc_david_3,
          st_stairs_14, fountainhead, nicolae_shop_fire_sale
          [nicolae_sub_dead_trees], uniq_gastronok, uniq_maurice, uniq_maggie

Skill      XL: |  1  2  3  4  5  6  7  8  9 10 |
---------------+-------------------------------+-----
Maces & Flails | 3 4 5 7 9 10 13 14 | 14.7
Fighting       | |  3.2
Armour         | |  3.2
Shields        | |  4.0

Action                   |  1- 3 |  4- 6 |  7- 9 | 10-12 || total
-------------------------+-------+-------+-------+-------++-------
Melee: Flail             |    79 |   110 |       |       ||   189
       Great mace        |       |    16 |   252 |   134 ||   402
 Abil: Dig               |       |       |       |     2 ||     2
Evoke: Wand              |       |       |       |     2 ||     2
  Use: Scroll            |     3 |     9 |     4 |     1 ||    17
       Potion            |       |       |     3 |     3 ||     6
 Stab: Sleeping          |       |       |     1 |       ||     1
Armor: Scale mail        |    44 |    53 |    17 |       ||   114
       Leather armour    |       |       |    60 |    75 ||   135
       Robe              |       |       |       |     2 ||     2
Dodge: Dodged            |    39 |    52 |   111 |    84 ||   286
Block: Buckler           |    36 |    31 |    59 |    58 ||   184

Table legend: (Time is in decaauts)
 A = Elapsed time spent in this place.
 B = Non-inter-level travel time spent in this place.
 C = Inter-level travel time spent in this place.
 D = Time resting spent in this place.
 E = Time spent auto-exploring this place.
 F = Levels seen in this place.
 G = Mean time per level.
                   A        B        C        D        E       F      G
               +--------+--------+--------+--------+--------+-----+--------+
         Total |   9505 |   9271 |    234 |   2819 |   4499 |  10 |  950.5 |
       Dungeon |   9087 |   8853 |    234 |   2713 |   4346 |   9 | 1009.7 |
         Sewer |    418 |    418 |      0 |    106 |    152 |   1 |  418.0 |
               +--------+--------+--------+--------+--------+-----+--------+

Top non-repeatable levels by time:
     D:6: 1600 daAuts
     D:4: 1430 daAuts
     D:7: 1421 daAuts
     D:1: 1074 daAuts
     D:2: 1017 daAuts
     D:5: 851 daAuts
     D:3: 827 daAuts
     D:8: 674 daAuts
   Sewer: 418 daAuts
     D:9: 189 daAuts
